 Dungeon Crawl Stone Soup version 0.27-a0-242-ge0fc76b88b (webtiles) character file.

Game seed: 7341845067698197569

67 Borgoz the Ducker (level 4, -4/37 HPs)
             Began as a Ghoul Gladiator on Feb 2, 2021.
             Slain by Sigmund
             ... wielding a +5 scythe of flaming
              (5 damage)
             ... while paralysed
             ... on level 2 of the Dungeon.
             The game lasted 00:02:36 (1168 turns).

Borgoz the Ducker (Ghoul Gladiator)                 Turns: 1168, Time: 00:02:37

Health: -4/37      AC: 11    Str: 14 (17) XL:     4   Next: 18%
Magic:  3/3        EV:  2    Int:  0 (3)  God:
Gold:   31         SH:  0    Dex: 10 (11) Spells: 3/3 levels left

rFire    . . .     SeeInvis .   a - +0 long sword
rCold    + . .     Faith    .   (no shield)
rNeg     + + +     Spirit   .   l - +0 scale mail
rPois    ∞         Reflect  .   c - +0 helmet
rElec    .         Harm     .   n - +1 cloak
rCorr    +         Rampage  .   g - +1 pair of gloves
Will     .....                  (no boots)
Stlth    ..........             (no amulet)
HPRegen  0.00/turn              j - ring of flight
MPRegen  0.08/turn              q - ring of resist corrosion

@: confused, paralysed, very slightly contaminated, slowed, lost intelligence,
invisible
A: claws 1, cold resistance 1, negative energy resistance 3, inhibited
regeneration, torment resistance, unbreathing
a: Evoke Flight


You were on level 2 of the Dungeon.
You visited 1 branch of the dungeon, and saw 2 of its levels.

You collected 31 gold pieces.

Inventory:

Hand Weapons
 a - a +0 long sword (weapon)
Missiles
 d - 3 throwing nets (quivered)
Armour
 c - a +0 helmet (worn)
 g - a +1 pair of gloves (worn)
 l - a +0 scale mail (worn)
 n - a +1 cloak (worn)
Jewellery
 j - a ring of flight (left hand)
 q - a ring of resist corrosion (right hand)
Scrolls
 f - a scroll of teleportation {unknown}
 h - a scroll of remove curse {unknown}
 m - a scroll of enchant weapon {unknown}
 r - a scroll of blinking {unknown}
Potions
 b - a potion of curing {unknown}
 e - a potion of heal wounds {unknown}
 i - a potion of lignification {unknown}
 k - a potion of ambrosia {unknown}


   Skills:
 + Level 2.7 Fighting
 * Level 3.3 Long Blades
 - Level 1.7 Throwing
 + Level 1.0 Armour
 * Level 3.4 Dodging


You had 3 spell levels left.
You didn't know any spells.
Your spell library was empty.

Dungeon Overview and Level Annotations

Branches:
Dungeon (2/15)

Altars:

Annotations:
D:2 Sigmund


Innate Abilities, Weirdness & Mutations

You thrive by killing the living.
You are immune to poison.
You have sharp fingernails.
Your flesh is cold resistant. (rC+)
You are immune to negative energy. (rN+++)
You do not regenerate when monsters are visible.
You are immune to unholy pain and torment.
You can survive without breathing.


Message History

You hear some strange, mumbled words.
You are confused.
You closely miss something. Something hits you. Something burns you.
It was a potion of invisibility.
You fade into invisibility!
You hear some strange, mumbled words.
You are more confused.
You are very lightly contaminated with residual magic.
It was a potion of degeneration.
There was something very wrong with that liquid.
You feel weakened.
You feel dopey.
You have lost your intelligence.
You feel clumsy.
You hear some strange, mumbled words.
A magic dart appears from out of thin air!
The magic dart hits you.
* * * LOW HITPOINT WARNING * * *
Something hits you!
* * * LOW HITPOINT WARNING * * *
Something burns you.
You die...

. #... . ##... .
#...# .. ####...
....#
..##.....######
#.##.
.......<.......
..... ..
#.....{......
..... ...# #@#
.....
#...###.####...
.###.
#..............
..... #.
######†##......
....# #.
#.....#..## ####
#. ####..###...#
#.####.....#
#.....
#......#....##...
#
#....###.......###


There were no monsters in sight!

Vanquished Creatures
  An adder (D:2)
  An ooze (D:1)
  A worm (D:2)
  5 dart slugs
  6 bats (D:1)
  3 goblins
  7 hobgoblins
  2 jackals (D:1)
  3 ball pythons
  6 kobolds
  5 rats
40 creatures vanquished.

Notes
Turn   | Place    | Note
-------+----------+-------------------------------------------
     0 | D:1      | Borgoz the Ghoul Gladiator began the quest for the Orb.
     0 | D:1      | Reached XP level 1. HP: 17/17 MP: 0/0
    96 | D:1      | Reached XP level 2. HP: 20/24 MP: 1/1
   404 | D:1      | Reached XP level 3. HP: 30/30 MP: 2/2
   615 | D:1      | You fall into a shaft and drop 1 floor!
  1138 | D:2      | Reached XP level 4. HP: 28/37 MP: 3/3
  1151 | D:2      | Noticed Sigmund
  1159 | D:2      | Reached skill level 1 in Armour
  1167 | D:2      | Lost intelligence.
  1168 | D:2      | HP: 1/37 [something (10)]
  1168 | D:2      | Slain by Sigmund

Illustrated notes

Levels and vault maps discovered:
D:1:      minmay_arrival_cross, layout_loops_cross, amcnicky_mini_pool_small,
          chequers_serial_rivers_small_3, roderic_roman_lattice
D:2:      layout_rooms, marbit_many_paths, nicolae_dithmenos_shadow_blocks,
          uniq_sigmund

Skill      XL: |  1  2  3  4 |
---------------+-------------+-----
Long Blades    | 3 |  3.3
Dodging        | 3 |  3.4
Armour         | 1 |  1.0
Fighting       | |  2.7
Throwing       | |  1.7

Action                   |  1- 3 |  4- 6 || total
-------------------------+-------+-------++-------
Melee: Long sword        |   115 |    16 ||   131
  Use: Potion            |       |     2 ||     2
Armor: Leather armour    |    24 |       ||    24
       Scale mail        |    46 |    11 ||    57
Dodge: Dodged            |    87 |     7 ||    94
       Rpst.: Long sword |    25 |     1 ||    26

Table legend: (Time is in decaauts)
 A = Elapsed time spent in this place.
 B = Non-inter-level travel time spent in this place.
 C = Inter-level travel time spent in this place.
 D = Time resting spent in this place.
 E = Time spent auto-exploring this place.
 F = Levels seen in this place.
 G = Mean time per level.
                   A        B        C        D        E       F      G
               +--------+--------+--------+--------+--------+-----+--------+
         Total |   1204 |   1177 |     27 |     90 |    751 |   2 |  602.0 |
       Dungeon |   1204 |   1177 |     27 |     90 |    751 |   2 |  602.0 |
               +--------+--------+--------+--------+--------+-----+--------+

Top non-repeatable levels by time:
     D:1: 969 daAuts
     D:2: 234 daAuts
